 Dungeon Sprint DCSS version 0.17-a0-1197-g2d00c63 (webtiles) character file.

450 Kidiri the Covert (level 6, -4/52 HPs)
             Began as a Spriggan Assassin on June 3, 2015.
             Was an Initiate of Dithmenos.
             Slain by a sixfirhy (7 damage)
             ... summoned by a kobold demonologist
             ... while paralysed by a giant eyeball
             ... in the Dungeon (Sprint I: "Red Sonja").
             The game lasted 00:03:12 (537 turns).

Kidiri the Covert (Spriggan Assassin)                Turns: 537, Time: 00:03:13

Health: -4/52      AC:  3    Str: 12    XL:     6   Next: 74%
Magic:  7/7        EV:  4    Int: 12    God:    Dithmenos [......]
Gold:   270        SH:  0    Dex: 20    Spells: 0 memorised, 5 levels left

rFire  + . .     SeeInvis +     a - +2 dagger
rCold  . . .     Clarity  .     f - +0 robe {rF+}
rNeg   . . .     SustAt   .     (shield restricted)
rPois  .         Gourm    .     (helmet restricted)
rElec  .         Spirit   .     d - +0 cloak
rCorr  .         Warding  .     (gloves unavailable)
rMut   .         NoTele   +     (boots unavailable)
MR     +....                    (no amulet)
Stlth  ..........               (no ring)
                                (no ring)

@: paralysed, berserking, very quick, somewhat resistant to hostile
enchantments, extremely unstealthy
A: unfitting armour, see invisible, herbivore 3, speed 3, slow metabolism 2
a: Renounce Religion


You were in the Dungeon.
You worshipped Dithmenos.
Dithmenos was noncommittal.
You were not hungry.

You visited 1 branch You collected 270 gold pieces.

Inventory:

Hand weapons
 a - a +2 dagger (weapon)
 b - a +0 blowgun
Missiles
 e - 8 poisoned needles
 o - 2 curare-tipped needles
Armour
 c - a +0 robe
 d - a +0 cloak (worn)
 f - a +0 robe of fire resistance (worn)
Scrolls
 m - a scroll of blinking
Potions
 h - a potion of curing
 i - a potion of heal wounds
 j - a potion of haste
 k - 2 potions of magic
 n - a potion of brilliance {unknown}
Comestibles
 g - a bread ration


   Skills:
 * Level 5.6 Fighting
 * Level 7.0 Short Blades
 * Level 7.5 Throwing
 * Level 9.3 Dodging
 * Level 11.3 Stealth


You had 5 spell levels left.
You didn't know any spells.

Dungeon Overview and Level Annotations

Branches:
Dungeon (1/1)

Altars:
Cheibriados
Dithmenos
Fedhas
Jiyva


Innate Abilities, Weirdness & Mutations

You are tiny and cannot use many weapons and most armour.
You have supernaturally acute eyesight.
You are a herbivore.
You cover ground extremely quickly.
You need consume almost no food.


Message History

The kobold demonologist barely misses you.
The kobold demonologist looks braver.
You barely miss the kobold demonologist.
The kobold demonologist is severely wounded.
You miss the kobold demonologist.
The kobold demonologist is severely wounded.
The chaos spawn gores you but does no damage.
The kobold demonologist gestures wildly while chanting.
You barely miss the kobold demonologist.
The kobold demonologist is severely wounded.
The sixfirhy barely misses you.
The kobold demonologist completely misses you.
The giant eyeball gazes at you.
You suddenly lose the ability to move!
The sixfirhy barely misses you. The sixfirhy barely misses you.
The sixfirhy hits you.
* * * LOW HITPOINT WARNING * * *
The sixfirhy shocks you!
* * * LOW HITPOINT WARNING * * *
The sixfirhy hits you!
You die...

####################
)..#..'..#__#.53@KG#
#..'..#..'..'..#K43#
##'#####+#__####55.+
#..# #### ##### ####


You could see 2 kobold demonologists, a sixfirhy, a neqoxec, a chaos spawn, a
giant eyeball, a crimson imp, a shadow imp and an ufetubus.

Vanquished Creatures
  A slime creature (D)
  Sigmund (D)
  An ogre (D)
  Ijyb (D)
4 creatures vanquished.

Notes
Turn   | Place    | Note
--------------------------------------------------------------
     0 | D        | Kidiri the Spriggan Assassin began the quest for the Orb.
     0 | D        | Reached XP level 1. HP: 10/10 MP: 2/2
     2 | D        | Noticed Ijyb
    19 | D        | Killed Ijyb
    19 | D        | Reached skill level 7 in Stealth
    19 | D        | Reached XP level 2. HP: 7/16 MP: 3/3
   203 | D        | Noticed an ogre
   225 | D        | Killed an ogre
   225 | D        | Reached skill level 5 in Throwing
   225 | D        | Reached skill level 5 in Dodging
   225 | D        | Reached skill level 8 in Stealth
   225 | D        | Reached XP level 3. HP: 15/20 MP: 4/4
   225 | D        | Reached XP level 4. HP: 18/25 MP: 5/5
   429 | D        | Noticed Sigmund
   444 | D        | Killed Sigmund
   444 | D        | Reached skill level 5 in Short Blades
   444 | D        | Reached skill level 10 in Stealth
   444 | D        | Reached XP level 5. HP: 27/30 MP: 6/6
   444 | D        | Reached XP level 6. HP: 31/35 MP: 7/7
   495 | D        | Found a snail-covered altar of Cheibriados.
   495 | D        | Found a viscous altar of Jiyva.
   495 | D        | Found a shadowy altar of Dithmenos.
   495 | D        | Found a blossoming altar of Fedhas.
   495 | D        | Noticed a slime creature
   498 | D        | Killed a slime creature
   498 | D        | Reached skill level 5 in Fighting
   498 | D        | Reached skill level 11 in Stealth
   501 | D        | Became a worshipper of Dithmenos the Shadowed
   514 | D        | Noticed a kobold demonologist
   515 | D        | Noticed a kobold demonologist
   520 | D        | Paralysed by a giant eyeball for 4 turns
   526 | D        | Noticed a chaos spawn
   530 | D        | Noticed a sixfirhy
   536 | D        | Noticed a neqoxec
   536 | D        | Paralysed by a giant eyeball for 3 turns
   537 | D        | Slain by a sixfirhy

Vault maps used:
D:        dungeon_sprint_1

Action                   |  1- 3 |  4- 6 || total
-------------------------+-------+-------++-------
Melee: Dagger            |       |    16 ||    16
 Fire: Blowgun           |    14 |     7 ||    21
  Use: Potion            |       |     1 ||     1
 Stab: Sleeping          |     1 |     1 ||     2
